 Dungeon Crawl Stone Soup version 0.19.5 (webtiles) character file.

952 theElss the Destroyer (level 7, -1/38 HPs)
             Began as a Deep Elf Conjurer on May 10, 2017.
             Was an Initiate of Vehumet.
             Slain by kagor's ghost (8 damage)
             ... on level 6 of the Dungeon.
             The game lasted 00:20:23 (7286 turns).

theElss the Destroyer (Deep Elf Conjurer)           Turns: 7286, Time: 00:20:24

Health: -1/38      AC:  4    Str:  5    XL:     7   Next: 90%
Magic:  10/20      EV: 13    Int: 22    God:    Vehumet [......]
Gold:   353        SH:  0    Dex: 15    Spells: 4 memorised, 10 levels left

rFire  . . .     SeeInvis .     e - +0 hand axe
rCold  . . .     Gourm    .     a - +0 robe
rNeg   . . .     Faith    .     (no shield)
rPois  .         Spirit   .     w - +0 helmet
rElec  .         Reflect  .     (no cloak)
rCorr  .         Harm     .     t - +0 pair of gloves
MR     .....                    (no boots)
Stlth  ++........               (no amulet)
                                (no ring)
                                (no ring)

@: no status effects
A: no striking features
a: Renounce Religion


You were on level 6 of the Dungeon.
You worshipped Vehumet.
Vehumet was noncommittal.
You were not hungry.

You visited 2 branches of the dungeon, and saw 7 of its levels.

You collected 353 gold pieces.

Inventory:

Hand Weapons
 e - a +0 hand axe (weapon)
Armour
 a - a +0 robe (worn)
 t - a +0 pair of gloves (worn)
 w - a +0 helmet (worn)
Jewellery
 x - an uncursed amulet of guardian spirit {unknown}
Wands
 v - a wand of random effects (14/48)
 B - a wand of slowing (39/48)
Scrolls
 d - 2 scrolls of blinking {unknown}
 f - 5 scrolls of fear
 g - 4 scrolls of enchant armour {unknown}
 j - 5 scrolls of identify {unknown}
 k - 3 scrolls of noise {unknown}
 m - 2 scrolls of recharging {unknown}
 n - 9 scrolls of teleportation {unknown}
 q - 2 scrolls of enchant weapon {unknown}
 r - 5 scrolls of remove curse {unknown}
 s - a scroll of magic mapping {unknown}
 y - a scroll of fog {unknown}
Potions
 h - 3 potions of resistance {unknown}
 i - a potion of agility {unknown}
 l - a potion of degeneration {unknown}
 p - 3 potions of curing {unknown}
 A - a potion of heal wounds {unknown}
Books
 b - a book of Conjurations

   Spells                             Type                      Level
   a - Magic Dart                     Conjuration                  1
   b - Searing Ray                    Conjuration                  2
   c - Dazzling Spray                 Conjuration/Hexes            3
   d - Fulminant Prism                Conjuration/Hexes            4
   e - Iskenderun's Mystic Blast      Conjuration                  4
   f - Iskenderun's Battlesphere      Conjuration/Charms           5
Comestibles
 c - 8 bread rations
 o - a slice of pizza
 u - a fruit
 z - 2 chunks of flesh


   Skills:
 + Level 1.1 Fighting
 + Level 3.2 Dodging
 - Level 2.4 Stealth
 + Level 8.1 Spellcasting
 + Level 8.4 Conjurations


You had 10 spell levels left.
You knew the following spells:

 Your Spells              Type           Power        Failure   Level  Hunger
a - Magic Dart            Conj           ####         1%          1    None
b - Iskenderun's Battles  Conj/Chrm      ####....     38%         5    #####..
c - Searing Ray           Conj           #####.       1%          2    None
d - Iskenderun's Mystic   Conj           #####...     2%          4    ###....


Dungeon Overview and Level Annotations

Branches:
Dungeon (6/15)             Temple (1/1) D:5

Altars:
Ashenzari
Cheibriados
Dithmenos
Elyvilon
Fedhas
Gozag
Hepliaklqana
Kikubaaqudgha
Okawaru
Qazlal
Ru
Sif Muna
Trog
Uskayaw
Vehumet
Xom
Yredelemnul
The Shining One

Annotations:
D:3 Sigmund
D:6 kagor's ghost, novice CeGl


Message History

The orb of energy hits the orc priest.
You kill the orc priest!
Vehumet accepts your kill.
The orb of energy explodes!
The mystic blast hits the orc wizard.
You kill the orc wizard!
Vehumet accepts your kill.
Your Spellcasting skill increases to level 8!
You hear a shout! x2
The orc priest calls down the wrath of Beogh upon you.
Beogh smites you!
* * * LOW HITPOINT WARNING * * *
As you read the scroll labeled TEF JYDURPH, it crumbles to dust.
You assume a fearsome visage.
The orc priest looks frightened!
The orc looks frightened!
Kagor's ghost is unaffected.
It was a scroll of fear.
An orc priest comes into view. It is wielding a whip.
The orc gives up.
Cornered, the orc priest turns to fight!
Kagor's ghost closely misses you. Kagor's ghost hits you!
You die...

########.......####..........#
ooo...............#..#..####.#
###....o..###..##.......# #.#
#.####..#_'.....##....####.###
#.# #..###..##.##...........#
#.# #......###.##.(#.####.#.#
..# #......# #.##.<#.####.#.#
.## ######.###.##.........#.#
.. #..W@.......######.# ..
#.#####.###.### #.# ...
...#....<##.# #.# # ...#.#
#.##.# #.# #.. ... #.##.# #.#
#(... #.###.##.# #.#
#.....#.....##.########.#
..............<.).......#
#.....##..>.#..##########


You could see kagor's ghost.

Vanquished Creatures
  The ghost of snowfan the Conjurer, an amateur DEWz (D:4)
  A howler monkey (D:4)
  A crimson imp (D:5)
  A quasit (D:2)
  A hound (D:4)
  A jelly (D:6)
  2 orc priests
  4 worker ants
  5 orc wizards
  Natasha (thrice) (D:3)
  11 gnolls
  6 adders
  A shadow imp (D:5)
  An ooze (D:2)
  An adder skeleton (D:4)
  4 leopard geckos
  8 orcs
  2 ball pythons
  4 giant cockroaches
  4 hobgoblins
  11 jackals
  8 kobolds
  3 quokkas
  6 bats
  4 frilled lizards
  7 goblins
  A quokka zombie (D:6)
  8 rats
110 creatures vanquished.

Notes
Turn   | Place    | Note
-------+----------+-------------------------------------------
     0 | D:1      | theElss the Deep Elf Conjurer began the quest for the Orb.
     0 | D:1      | Reached XP level 1. HP: 10/10 MP: 6/6
   291 | D:1      | Reached XP level 2. HP: 15/15 MP: 5/8
   296 | D:1      | Learned a level 2 spell: Searing Ray
   544 | D:1      | Reached skill level 5 in Conjurations
  1142 | D:2      | Reached XP level 3. HP: 19/19 MP: 7/9
  1742 | D:2      | Reached XP level 4. HP: 24/24 MP: 5/11
  2351 | D:2      | Reached XP level 5. HP: 28/28 MP: 8/13
  2392 | D:2      | Learned a level 5 spell: Iskenderun's Battlesphere
  2397 | D:2      | Learned a level 4 spell: Iskenderun's Mystic Blast
  3060 | D:3      | Noticed Natasha
  3066 | D:3      | Killed Natasha
  3165 | D:3      | Noticed Sigmund
  3415 | D:3      | Found a blossoming altar of Fedhas.
  3620 | D:3      | Noticed Natasha
  3714 | D:3      | Killed Natasha
  3984 | D:4      | Noticed snowfan's ghost (amateur DEWz)
  4030 | D:3      | Noticed Natasha
  4031 | D:3      | Killed Natasha
  4098 | D:4      | Reached XP level 6. HP: 32/32 MP: 10/15
  4099 | D:4      | Reached skill level 5 in Spellcasting
  5122 | D:4      | Found a sacrificial altar of Ru.
  5203 | D:4      | Killed snowfan's ghost
  5203 | D:4      | Reached skill level 1 in Fighting
  5203 | D:4      | Reached XP level 7. HP: 38/38 MP: 3/19
  5325 | D:4      | Found a hide-covered altar of Uskayaw.
  5551 | D:5      | Entered Level 5 of the Dungeon
  5618 | D:5      | Found a white marble altar of Elyvilon.
  5618 | D:5      | Found a sacrificial altar of Ru.
  5711 | D:5      | Found a staircase to the Ecumenical Temple.
  5728 | Temple   | Entered the Ecumenical Temple
  5982 | Temple   | Became a worshipper of Vehumet
  6584 | D:5      | Found an ancient bone altar of Kikubaaqudgha.
  6782 | D:6      | Noticed kagor's ghost (novice CeGl)
  7251 | D:6      | Found a deep blue altar of Sif Muna.
  7286 | D:6      | Slain by kagor's ghost

Skill      XL: |  1  2  3  4  5  6  7 |
---------------+----------------------+-----
Conjurations   | 5 6 7 8 |  8.4
Spellcasting   | 4 6 8 |  8.1
Dodging        | 3 |  3.2
Fighting       | 1 |  1.1
Stealth        | |  2.4

Action                   |  1- 3 |  4- 6 |  7- 9 || total
-------------------------+-------+-------+-------++-------
Melee: Hand axe          |       |    10 |       ||    10
 Cast: Magic Dart        |    51 |   100 |    29 ||   180
       Searing Ray       |     3 |     9 |     5 ||    17
       Iskenderun's Myst |       |    21 |     6 ||    27
  Use: Scroll            |       |       |     1 ||     1
  Eat: Chunk             |     2 |    14 |     6 ||    22
       Fruit             |       |       |     1 ||     1
Armor: Robe              |     7 |     5 |     2 ||    14
Dodge: Dodged            |    13 |    17 |     4 ||    34
